ZazzA, neutral female human Barbarian # --.--- |....| |....| ----- -------- |....| |...| ----------`#####.......| --|--- |..(| |........|# |......| # ##-...| |........|# |......| # ------------ ##----- |........|# |{.....| # |..........-#####################f@a##.........-# |......| # #-.......>..| # # ###----------# ---|---- ### ###|...........##### ### ############## # # # ------------ # ### # # ## ### ----.- # # # -----|-# |....-####### # # |......# |<...| # # |.....| |.}.}| # # |.....| |....| # ------.--- |.....| ------ ###|........| |.....| #.........| ------- ---------- ZazzA the Pillager Experience level: 4 Strength: 17 Dexterity: 18 Constitution: 17 Intelligence: 9 Wisdom: 8 Charisma: 4 Health: 0(38) Energy: 13(13) Def: 3 Gold: 329 Moves: 2658 Dungeon seed: E3LzO_LqGyqfKHgB Game ID: ZazzA_1525720730 Your Inventory: Coins $ - 329 gold pieces Weapons a - a very rusty +0 battle-axe b - a +0 short sword (weapon in hand) f - a blessed +1 orcish dagger z - 13 +0 darts Armor e - an uncursed +0 ring mail (being worn) n - an uncursed +0 orcish helm F - an uncursed +0 orcish cloak G - an uncursed +0 orcish helm Y - a cursed -1 pair of water walking boots (being worn) Comestibles c - 2 uncursed food rations Scrolls w - an uncursed scroll of identify Spellbooks x - an uncursed spellbook of jumping J - an uncursed spellbook of haste self Potions Q - an uncursed potion of full healing Wands s - a wand of striking (0:3) Tools d - an uncursed oil lamp (0:1178) i - an uncursed pair of lenses (being worn) v - an uncursed tin whistle D - an uncursed leash Gems q - an uncursed jasper stone y - 2 uncursed worthless pieces of black glass E - an uncursed worthless piece of yellow glass I - an uncursed worthless piece of blue glass M - an uncursed worthless piece of white glass Boulders/Statues r - an uncursed statue of a grid bug N - an uncursed statue of a green mold Spells and supernatural/magical abilities: Name Level Category Fail Memory j - jumping 1 escape 100% 92% H - haste self 3 escape 100% 98% W - pray for help -- divine ? -- Your skills at the end: Fighting Skills bare handed combat [Basic] Weapon Skills axe [Basic] short sword [Basic] Spellcasting Skills Final Attributes: You were piously aligned. You were poison resistant. You could walk on water. You are dead. Vanquished creatures: 2 shriekers a homunculus an iguana a giant rat 2 brown molds 2 gnome zombies 2 geckos 11 jackals 2 foxes a kobold 3 goblins 4 grid bugs 3 lichens a kobold zombie 10 newts 46 creatures vanquished. Voluntary challenges: You used a wielded weapon 47 times, starting on turn 11. You read items or engraved 17 times, starting on turn 1046. You never genocided any monsters. You never polymorphed an object. You never changed form. You used no wishes. You never split a pudding. You never wrote Elbereth's name. You never violated your personal moral code. Dungeon overview: The Dungeons of Doom: levels 1 to 4 Level 1 a long staircase Level 2 a general store Level 3 a scroll shop, an altar to Set, a fountain a long staircase Level 4 <- You were here a fountain History has recorded: On T:1 you entered the Dungeons of Doom to retrieve the Amulet of Yendor! On T:615 you reached level 2 of The Dungeons of Doom. On T:658 you advanced to experience level 2. On T:1059 you reached level 3 of The Dungeons of Doom. On T:1383 you advanced to experience level 3. On T:1533 you reached level 4 of The Dungeons of Doom. On T:2128 you advanced to experience level 4. Score breakdown: Gold: 329 ( 8567 points) Experience: 4 levels ( 9649 points) Exploration: 4 levels ( 8.51%) ( 7661 points) Discoveries: 5 items ( 2.04%) ( 4285 points) Valuables value: (no points given unless you survive) Artifact value: 0 ( 0 points) Variety of kills: 15 monsters ( 3.94%) ( 5952 points) Turncount: 2658 turns ( -421 points) Survival: died (score multiplied by 80%) Total score: 28554 Latest messages: c - 3 uncursed food rations. That food really hit the spot! You finish eating the food ration. You hear a jackal howling at the moon. The giant ant bites! (3x) The giant ant just misses! The giant ant bites! (3x) The kitten bites! The giant ant bites! You smite the kitten. The kitten bites! The giant ant bites! The kitten bites! You smite the giant ant! The kitten bites! You die... The statue of a grid bug is empty. The statue of a green mold is empty. The statue of a grid bug is empty. The statue of a green mold is empty. Final status: Goodbye ZazzA the Barbarian, killed by a kitten... You died in The Dungeons of Doom on dungeon level 4 with 28554 points, and 329 pieces of gold, after 2658 moves. You were level 4 with a maximum of 38 hit points when you died.